 Dungeon Crawl Stone Soup version 0.30-a0-122-g2a1322497e (webtiles) character file.

Game seed: 7847696073454746411

30 NinjaNoafa the Trooper (level 3, -2/37 HPs)
             Began as a Troll Fighter on Sept 16, 2022.
             Slain by an orc priest
             ... wielding a +0 hand axe
              (4 damage)
             ... on level 2 of the Dungeon.
             The game lasted 00:02:12 (1030 turns).

NinjaNoafa the Trooper (Troll Fighter)              Turns: 1030, Time: 00:02:13

Health: -2/37      AC:  4    Str: 24    XL:     3   Next: 3%
Magic:  2/2        EV:  8    Int:  4    God:
Gold:   99         SH:  7    Dex: 11    Spells: 2/2 levels left

rFire   x . .      SeeInvis .      - Unarmed
rCold   + . .      Faith    .    b - +0 kite shield
rNeg    . . .      Spirit   .    a - +0 robe
rPois   .          Reflect  .    (helmet restricted)
rElec   .          Harm     .    (no cloak)
rCorr   .          Rampage  .    (gloves unavailable)
Will    .....                    (boots unavailable)
Stlth   +.........               (no amulet)
HPRegen 0.92/turn                p - ring of ice
MPRegen 0.08/turn                (no ring)

@: no status effects
A: large, unfitting armour, claws 3, regeneration 1, shaggy fur 1, tough skin 1
a: no special abilities


You were on level 2 of the Dungeon.
You visited 1 branch of the dungeon, and saw 2 of its levels.

You collected 99 gold pieces.

Inventory:

Missiles
 g - 23 stones (quivered)
 l - 11 atropa-tipped darts
Armour
 a - a +0 robe (worn)
 b - a +0 kite shield (worn)
Jewellery
 m - an amulet of magic regeneration
 p - a ring of ice (left claw)
Scrolls
 h - a scroll of vulnerability {unknown}
 j - a scroll of poison {unknown}
 k - 3 scrolls of identify {unknown}
 n - a scroll of magic mapping {unknown}
Potions
 c - a potion of might
 d - a potion of mutation {unknown}
 e - a potion of curing {unknown}
 f - 2 potions of flight {unknown}
 i - a potion of haste {unknown}
 o - 2 potions of heal wounds {unknown}


   Skills:
 - Level 3.0 Fighting
 - Level 2.4 Dodging
 - Level 2.6 Shields
 + Level 2.9 Unarmed Combat


You had 2 spell levels left.
You didn't know any spells.
Your spell library was empty.

Dungeon Overview and Level Annotations

Branches:
Dungeon (2/15)

Altars:


Innate Abilities, Weirdness & Mutations

You are too large for most types of armour.
You have claws for hands.
Your natural rate of healing is unusually fast.
You are covered in fur. (AC +1)
You have tough skin. (AC +1)


Message History

An orc comes into view. It is wielding a +0 club.
The orc shouts!
You hear a shout!
The orc moves out of view.
An orc and an orc priest come into view.
The orc priest is wielding a +0 hand axe and wearing a +2 ring mail of fire resistance.
The orc shouts!
The orc priest shouts!
A worm comes into view.
An orc comes into view. It is wielding a +0 flail.
There is a stone staircase leading down here.
An orc comes into view. It is wielding a +0 whip.
The orc shouts!
A bat comes into view.
The orc priest calls down the wrath of Beogh upon you.
Beogh smites you!
The orc shouts!
The orc hits you with a +0 club. The bat hits you but does no damage.
The orc priest mumbles some strange prayers to Beogh against you.
Beogh smites you!
* * * LOW HITPOINT WARNING * * *
The orc hits you but does no damage.
Found 13 gold pieces.
Found a faded altar of an unknown god.
The bat hits you but does no damage.
The orc priest calls down the wrath of Beogh upon you.
Pain shoots through your body!
* * * LOW HITPOINT WARNING * * *
The orc hits you but does no damage. The orc barely misses you.
The orc hits you with a +0 whip.
* * * LOW HITPOINT WARNING * * *
You block the bat's attack.
Unknown command.
Unknown command.
Unknown command.
You completely miss the orc priest. The bat barely misses you.
You block the bat's attack. The orc hits you but does no damage.
The orc hits you with a +0 whip.
* * * LOW HITPOINT WARNING * * *
The orc barely misses you.
The orc priest hits you with a +0 hand axe.
You die...

#. #_###..
#..#.....
#..#......#
$........#
........ #..o#.#
.. #.oo#w#
....#.o@..#
......ob..#####
##.#.##.......#
### .. #.#####..
..# #. #># ####
#.# # #.# ..# #.#
#.# ##.# #.#
#.#####.##.#####.#
#.......##........


You could see a worm, an orc priest, 4 orcs and a bat.

Vanquished Creatures
  A dart slug (D:2)
  2 ball pythons
  2 endoplasms (D:1)
  2 giant cockroaches (D:1)
  5 hobgoblins
  5 jackals (D:1)
  A kobold (D:1)
  A quokka (D:1)
  A bat (D:1)
  A frilled lizard (D:1)
  2 rats (D:1)
23 creatures vanquished.

Notes
Turn   | Place    | Note
-------+----------+-------------------------------------------
     0 | D:1      | NinjaNoafa the Troll Fighter began the quest for the Orb.
     0 | D:1      | Reached XP level 1. HP: 22/22 MP: 0/0
   285 | D:1      | Reached XP level 2. HP: 28/29 MP: 1/1
   935 | D:2      | Reached skill level 3 in Fighting
   998 | D:2      | Reached XP level 3. HP: 37/37 MP: 2/2
  1029 | D:2      | Found a faded altar of an unknown god.
  1030 | D:2      | Slain by an orc priest

Illustrated notes

Levels and vault maps discovered:
D:1:      dpeg_arrival_renting, layout_basic, serial_bayou_pond_d
D:2:      layout_loops_ring, hellmonk_ecumenical_altar_lost_god,
          minmay_indecisive_spiral

Skill      XL: |  1  2 |
---------------+-------+-----
Fighting       | 3 |  3.0
Dodging        | |  2.4
Shields        | |  2.6
Unarmed Combat | |  2.9

Action                   || total
-------------------------++-------
Melee: Unarmed           ||    70
 Stab: Sleeping          ||     1
Armor: Robe              ||    41
Dodge: Dodged            ||    37
Block: Kite shield       ||    39

Table legend: (Time is in decaauts)
 A = Elapsed time spent in this place.
 B = Non-inter-level travel time spent in this place.
 C = Inter-level travel time spent in this place.
 D = Time resting spent in this place.
 E = Time spent auto-exploring this place.
 F = Levels seen in this place.
 G = Mean time per level.
                   A        B        C        D        E       F      G
               +--------+--------+--------+--------+--------+-----+--------+
         Total |   1035 |    975 |     60 |      0 |    768 |   2 |  517.5 |
       Dungeon |   1035 |    975 |     60 |      0 |    768 |   2 |  517.5 |
               +--------+--------+--------+--------+--------+-----+--------+

Top non-repeatable levels by time:
     D:1: 936 daAuts
     D:2: 98 daAuts
